 Dungeon Crawl Stone Soup version 0.27.1-1-g398f81649c (webtiles) character file.

Game seed: 4831444125972170129

271 pokedragonboy the Skirmisher (level 6, 0/39 HPs)
             Began as a Gargoyle Fighter on Sept 11, 2021.
             Slain by an iguana (9 damage)
             ... on level 4 of the Dungeon.
             The game lasted 00:03:10 (2906 turns).

pokedragonboy the Skirmisher (Gargoyle Fighter)     Turns: 2906, Time: 00:03:10

Health: 0/39       AC: 12    Str: 22    XL:     6   Next: 23%
Magic:  6/6        EV:  7    Int:  8    God:
Gold:   173        SH:  9    Dex:  9    Spells: 5/5 levels left

rFire    . . .     SeeInvis .   a - +0 war axe
rCold    . . .     Faith    .   c - +0 kite shield
rNeg     + . .     Spirit   .   b - +0 scale mail
rPois    ∞         Reflect  .   m - +0 helmet
rElec    +         Harm     .   (no cloak)
rCorr    .         Rampage  .   (no gloves)
Will     .....                  (no boots)
Stlth    ..........             (no amulet)
HPRegen  0.13/turn              (no ring)
MPRegen  0.10/turn              (no ring)

@: no status effects
A: sickness immunity, AC +4, negative energy resistance 1, electricity
resistance, torment resistance 1, petrification resistance
a: no special abilities


You were on level 4 of the Dungeon.
You visited 1 branch of the dungeon, and saw 4 of its levels.

You collected 173 gold pieces.

Inventory:

Hand Weapons
 a - a +0 war axe (weapon)
Missiles
 k - 4 javelins (quivered)
Armour
 b - a +0 scale mail (worn)
 c - a +0 kite shield (worn)
 m - a +0 helmet (worn)
Scrolls
 e - 2 scrolls of teleportation {unknown}
 f - 5 scrolls of identify {unknown}
 h - a scroll of enchant weapon {unknown}
 j - a scroll of magic mapping {unknown}
 l - a scroll of silence {unknown}
 n - a scroll of amnesia {unknown}
 o - a scroll of blinking {unknown}
 p - a scroll of enchant armour {unknown}
 q - a scroll of immolation {unknown}
Potions
 d - a potion of might
 g - 2 potions of heal wounds {unknown}
 i - a potion of degeneration {unknown}


   Skills:
 + Level 4.6 Fighting
 * Level 4.2 Axes
 + Level 4.6 Armour
 - Level 3.2 Shields


You had 5 spell levels left.
You didn't know any spells.
Your spell library was empty.

Dungeon Overview and Level Annotations

Branches:
Dungeon (4/15)
 Temple: D:4-7

Altars:
Uskayaw

Shops:
D:4 (


Innate Abilities, Weirdness & Mutations

You are immune to sickness and miasma.
Your stone body is resilient. (AC +4)
You are immune to poison.
You resist negative energy. (rN+)
You are resistant to electric shocks. (rElec)
You are resistant to unholy torment.
You are immune to petrification.


Message History

The orc hits you but does no damage.
The water moccasin skeleton bites you but does no damage.
You hit the water moccasin skeleton.
The water moccasin skeleton is severely damaged.
You hit the orc.
The water moccasin skeleton closely misses you.
The orc hits you but does no damage. You block the orc's attack.
You barely miss the orc.
The orc is moderately wounded.
You hit the iguana. The iguana bites you! The orc closely misses you.
You block the water moccasin skeleton's attack.
Your shield prevents you from hitting the water moccasin skeleton.
The water moccasin skeleton is severely damaged.
You hit the iguana but do no damage. You closely miss the orc.
The iguana bites you. You block the orc's attack.
The water moccasin skeleton barely misses you.
The iguana bites you. The orc closely misses you.
The water moccasin skeleton barely misses you.
You slash the water moccasin skeleton!
The water moccasin skeleton is almost destroyed.
You hit the orc. You completely miss the iguana. The iguana barely misses you.
The water moccasin skeleton bites you. The orc hits you but does no damage.
You block the iguana's attack.
Unknown command.
You closely miss the orc.
The orc is almost dead.
You hit the water moccasin skeleton.
You destroy the water moccasin skeleton!
You hit the iguana. The orc hits you but does no damage. The iguana bites you!
* * * LOW HITPOINT WARNING * * *
The orc hits you with a +0 club.
* * * LOW HITPOINT WARNING * * *
You have reached level 6!
Your experience leads to an increase in your attributes!
Increase (S)trength, (I)ntelligence, or (D)exterity?
You feel stronger.
You slash the orc!
You kill the orc!
You hit the iguana. The iguana bites you!
You die...

####.......####.#
#......<........
#...###########.
#...#.....⌠#
##.#..≈≈≈..#
#...≈≈≈≈≈.#
#...≈≈≈≈≈∩#
#######.#.≈≈≈≈≈.#
.$....l@...≈≈≈..#
######.)##.....⌠#
#..#########
....# .###.# ..
..# # .## .


You could see an iguana.

Vanquished Creatures
  A water moccasin skeleton (D:4)
  Natasha (thrice) (D:2)
  5 gnolls
  4 adders
  A worm (D:2)
  2 dart slugs
  An orc (D:4)
  3 bats
  3 endoplasms
  3 goblins
  A hobgoblin (D:2)
  A jackal (D:1)
  9 kobolds
  5 quokkas
  9 ball pythons
  5 frilled lizards
  6 rats
62 creatures vanquished.

Notes
Turn   | Place    | Note
-------+----------+-------------------------------------------
     0 | D:1      | pokedragonboy the Gargoyle Fighter began the quest for the
                  | Orb.
     0 | D:1      | Reached XP level 1. HP: 14/14 MP: 1/1
   115 | D:1      | Reached XP level 2. HP: 19/19 MP: 2/2
   580 | D:1      | Found a faded altar of an unknown god.
   588 | D:1      | Reached XP level 3. HP: 23/23 MP: 3/3
   978 | D:1      | Reached XP level 4. HP: 22/29 MP: 4/4
  1436 | D:2      | Noticed Natasha
  1456 | D:2      | Killed Natasha
  1661 | D:2      | Reached XP level 5. HP: 21/33 MP: 5/5
  2040 | D:2      | Noticed Natasha
  2051 | D:2      | Killed Natasha
  2336 | D:2      | Noticed Natasha
  2344 | D:2      | Killed Natasha
  2576 | D:3      | Found a hide-covered altar of Uskayaw.
  2880 | D:4      | Found Feman's Weapon Emporium.
  2906 | D:4      | Reached XP level 6. HP: 9/39 MP: 6/6
  2906 | D:4      | Slain by an iguana

Illustrated notes

Levels and vault maps discovered:
D:1:      mrwooster_arrival_statue_2, layout_basic,
          hellmonk_ecumenical_altar_lost_god, st_stairs_8, grunt_decor_fettered,
          dk_noncrumbling_4
D:2:      layout_loops_cross, minmay_tetromino_i4, uniq_natasha
D:3:      layout_rooms, marbit_many_paths
D:4:      layout_loops_ring, mainiacjoe_overflow_six_doors_small, serial_shops,
          nicolae_lakefront_shop, nicolae_shop_overgrown_old_shop,
          kennysheep_little_box

Skill      XL: |  1  2  3  4  5 |
---------------+----------------+-----
Axes           | 2 3 4 |  4.2
Fighting       | 4 |  4.6
Armour         | 4 |  4.6
Shields        | |  3.2

Action                   |  1- 3 |  4- 6 || total
-------------------------+-------+-------++-------
Melee: War axe           |    62 |   165 ||   227
  Use: Potion            |       |     1 ||     1
Armor: Scale mail        |    34 |    97 ||   131
Dodge: Dodged            |    18 |    60 ||    78
Block: Kite shield       |    28 |   109 ||   137
